 Dungeon Crawl Stone Soup version 0.20-a0-854-g0cc194a (webtiles) character file.

152 Malog the Insei (level 5, 0/44 HPs)
             Began as a Naga Transmuter on Mar 11, 2017.
             Slain by a gnoll
             ... wielding a +0 club
              (3 damage)
             ... on level 3 of the Dungeon.
             The game lasted 00:08:50 (2617 turns).

Malog the Insei (Naga Transmuter)                   Turns: 2617, Time: 00:08:51

Health: 0/44       AC:  2    Str: 12    XL:     5   Next: 34%
Magic:  7/8        EV: 10    Int: 11    God:
Gold:   112        SH:  0    Dex: 12    Spells: 7/8 levels left

rFire    . . .     SeeInvis +     - Unarmed
rCold    . . .     Gourm    +   b - +0 robe
rNeg     . . .     Faith    .   (no shield)
rPois    +         Spirit   .   (no helmet)
rElec    .         Reflect  .   (no cloak)
rCorr    .         Harm     .   (no gloves)
MR       .....                  (no barding)
Stlth    +.........             j - amulet of the gourmand
Regen    0.2/turn               (no ring)
MPRegen  0.2/turn               h - -3 ring of intelligence

@: short of breath, appendage (expiring), very slow
A: horns 2, see invisible, deformed body, poison resistance, slowness 2, slow
metabolism 1, spit poison 1, AC +1
a: Spit Poison, End Transformation


You were on level 3 of the Dungeon.
You were completely stuffed.
You had grown temporary horns.
You visited 1 branch of the dungeon, and saw 3 of its levels.

You collected 112 gold pieces.

Inventory:

Missiles
 a - 49 arrows
Armour
 b - a +0 robe (worn)
Jewellery
 h - a -3 ring of intelligence (left hand)
 j - an amulet of the gourmand (around neck)
 n - an uncursed ring of flight {unknown}
Scrolls
 e - a scroll of recharging {unknown}
 m - 3 scrolls of amnesia
Potions
 f - 2 potions of brilliance
 k - a potion of mutation {unknown}
Books
 c - a book of Changes

   Spells                             Type                      Level
   a - Beastly Appendage              Transmutation                1
   b - Sticks to Snakes               Transmutation                2
   c - Spider Form                    Transmutation/Poison         3
   d - Ice Form                       Ice/Transmutation            4
   e - Blade Hands                    Transmutation                5
Comestibles
 d - 2 bread rations
 g - 2 meat rations
 i - 4 fruits
 l - 2 chunks of flesh


   Skills:
 - Level 1.0 Fighting
 - Level 1.5 Dodging
 + Level 5.5 Unarmed Combat
 - Level 2.0 Spellcasting
 + Level 2.7 Transmutations


You had 7 spell levels left.
You knew the following spells:

 Your Spells              Type           Power        Failure   Level  Hunger
a - Beastly Appendage     Tmut           #.....       12%         1    ##.....


Dungeon Overview and Level Annotations

Branches:
Dungeon (3/15)

Altars:


Innate Abilities, Weirdness & Mutations

You cannot wear boots.
Your serpentine skin is tough. (AC +1)
You have supernaturally acute eyesight. (SInv)
Armour fits poorly on your strangely shaped body.
Your system is resistant to poisons. (rPois)
You cover ground very slowly.
You have a slow metabolism.
You can spit poison.
You have a pair of horns on your head.


Message History

The gnoll closely misses you.
You climb downwards.
Found 10 arrows, 24 stones, a bread ration and a scroll of remove curse.
Found a stone staircase leading up.
There is a stone staircase leading up here.
Unknown command.
Unknown command.
Unknown command.
Okay, then.
Okay, then.
Okay, then.
Okay, then.
You can't do that yet.
Unknown command.
Casting: Beastly Appendage
Confirm with . or Enter, or press ? or * to list all spells.
You grow a pair of large bovine horns.
Your transformation is almost over.
The gnoll hits you with a club.
You die...

#...# ....#
....#
####.<.?###
#..%......#
#.(........
#...g..#
#@(.# #..##
....#
##.#..#
#.#...#
#.#..## #.#
.# #.# ..


You could see a gnoll.

Vanquished Creatures
  3 adders (D:2)
  4 gnolls (D:2)
  3 oozes
  A dart slug (D:2)
  2 worms (D:2)
  3 leopard geckos
  A ball python (D:2)
  3 giant cockroaches
  6 goblins
  3 hobgoblins (D:1)
  13 jackals
  5 kobolds
  A quokka (D:2)
  6 bats
  4 frilled lizards
  5 rats
63 creatures vanquished.

Notes
Turn   | Place    | Note
-------+----------+-------------------------------------------
     0 | D:1      | Malog the Naga Transmuter began the quest for the Orb.
     0 | D:1      | Reached XP level 1. HP: 18/18 MP: 3/3
   331 | D:1      | Reached XP level 2. HP: 1/25 MP: 3/5
   991 | D:1      | Reached skill level 4 in Unarmed Combat
  1003 | D:1      | Reached XP level 3. HP: 24/31 MP: 6/6
  1770 | D:2      | Reached XP level 4. HP: 20/38 MP: 7/7
  1960 | D:2      | Reached skill level 5 in Unarmed Combat
  2034 | D:2      | Reached XP level 5. HP: 18/44 MP: 8/8
  2036 | D:2      | HP: 1/44 [gnoll/spear (8)]
  2617 | D:3      | Slain by a gnoll

Vault maps used:
D:1:      lemuel_arrival_broad_hall
D:3:      gammafunk_temple_overflow_wave, uniq_crazy_yiuf_cottage

Skill      XL: |  1  2  3  4 |
---------------+-------------+-----
Unarmed Combat | 4 5 |  5.5
Fighting       | |  1.0
Dodging        | |  1.5
Spellcasting   | |  2.0
Transmutations | |  2.7

Action                   |  1- 3 |  4- 6 || total
-------------------------+-------+-------++-------
Melee: Unarmed           |    92 |    50 ||   142
       Headbutt          |     5 |     6 ||    11
       Punch             |     1 |       ||     1
 Cast: Beastly Appendage |    14 |     7 ||    21
 Abil: Spit Poison       |    33 |    20 ||    53
  Use: Scroll            |     2 |     3 ||     5
       Potion            |       |     2 ||     2
  Eat: Chunk             |     9 |     7 ||    16
Armor: Robe              |    28 |    12 ||    40
Dodge: Dodged            |    53 |    27 ||    80
